 Dungeon Crawl Stone Soup version 0.31-a0-233-g139696dc86 (webtiles) character file.

Game seed: 7637587957687812801

59 qw the Shooter (level 4, -1/27 HPs)
             Began as a Gargoyle Hexslinger on July 7, 2023.
             Slain by Robin
             ... wielding a +0 whip
              (3 damage)
             ... on level 2 of the Dungeon.
             The game lasted 00:00:22 (813 turns).

qw the Shooter (Gargoyle Hexslinger)                 Turns: 813, Time: 00:00:22

Health: -1/27      AC:  8    Str: 12    XL:     4   Next: 3%
Magic:  5/5        EV: 10    Int: 13    God:
Gold:   71         SH:  0    Dex: 14    Spells: 4/5 levels left

rFire   . . .        Y - +3 sling
rCold   . . .        (no shield)
rNeg    + . .        d - +0 ring mail
rPois   inf          (no helmet)
rElec   +            (no cloak)
rCorr   .            (no gloves)
SInv    .            (no boots)
Will    .....        (no amulet)
Stlth   +            (no ring)
HPRegen 0.24/turn    (no ring)
MPRegen 0.09/turn

%: no passive effects
@: about to teleport
A: sickness immunity, AC +3, negative energy resistance 1, electricity
resistance, torment resistance 1, petrification resistance
a: no special abilities


You were on level 2 of the Dungeon.
You visited 1 branch of the dungeon, and saw 2 of its levels.

You collected 71 gold pieces.


Innate Abilities, Weirdness & Mutations

You are immune to sickness and miasma.
Your stone body is resilient. (AC +3)
You are immune to poison.
You resist negative energy. (rN+)
You are resistant to electric shocks. (rElec)
You are resistant to unholy torment.
You are immune to petrification.


   Skills:
 - Level 2.7 Fighting
 + Level 3.4 Ranged Weapons
 - Level 1.5 Dodging
 - Level 1.0 Spellcasting
 - Level 2.6 Hexes


You had 4 spell levels left.
You knew the following spells:

 Your Spells              Type           Power      Damage    Failure   Level
a - Slow                  Hex            28%        N/A       22%         1

Your spell library contained the following spells:

 Spells                   Type           Power      Damage    Failure   Level
 Inner Flame              Hex/Fire       4%         N/A       73%         3
 Portal Projectile        Hex/Tloc       8%         N/A       73%         3
 Cause Fear               Hex            3%         N/A       91%         4

Inventory:

Hand Weapons
 Y - a +3 sling (weapon)
Armour
 d - a +0 ring mail (worn)
Scrolls
 b - 2 scrolls of enchant armour {unknown}
 c - 2 scrolls of blinking {unknown}

Dungeon Overview and Level Annotations

Branches:
Dungeon (2/15)

Altars:

Annotations:
D:2 Robin


Message History

You shoot a sling bullet. The sling bullet hits the goblin!
You kill the goblin!
The hobgoblin hits you. The goblin hits you but does no damage.
The goblin completely misses you. The hobgoblin hits you.
You have reached level 4!
You feel stronger.
You shoot a sling bullet. The sling bullet hits the goblin.
The goblin is heavily wounded.
The goblin closely misses you.
You shoot a sling bullet.
The sling bullet barely misses the goblin.
The hobgoblin hits you but does no damage.
The frilled lizard hisses.
The frilled lizard bites you but does no damage.
The goblin hits you but does no damage.
You shoot a sling bullet. The sling bullet hits the goblin!
You kill the goblin!
The hobgoblin hits you. The frilled lizard closely misses you.
The frilled lizard bites you but does no damage.
The hobgoblin hits you but does no damage.
Robin hits you with a +0 whip.
You shoot a sling bullet. The sling bullet barely misses Robin.
The frilled lizard barely misses you. Robin completely misses you.
The hobgoblin hits you but does no damage.
You shoot a sling bullet. The sling bullet hits Robin.
Robin is moderately wounded.
Robin hits you with a +0 whip. The frilled lizard barely misses you.
The hobgoblin closely misses you.
You shoot a sling bullet.
The sling bullet completely misses Robin.
Robin says, "Feeling lonely?"
Robin hits you with a +0 whip.
The hobgoblin hits you but does no damage.
The frilled lizard bites you but does no damage.
Robin hits you with a +0 whip. The hobgoblin closely misses you.
The frilled lizard bites you but does no damage.
813 ||| READING scroll of teleportation.
As you read the scroll of teleportation, it crumbles to dust.
You feel strangely unstable. Robin hits you with a +0 whip.
You die...

#.#... ........ #.....
....... ##....
#######....) ##...
........... #...
.......... #...
......... ##...
......gl######+#####./..
......)@g...##..........
###...).......[%####..##
#.............+ #....
#.............# #....
#.............# #....
#.............# ##...
#.........###.# ....
#########.# #.# ... #.#
..


You could see Robin, a hobgoblin (strong) and a frilled lizard.

Vanquished Creatures
  Jessica (D:2)
  A bat (D:1)
  2 endoplasms
  A giant cockroach (D:1)
  9 goblins
  6 hobgoblins
  5 kobolds (D:1)
  A quokka (D:2)
  3 rats (D:1)
29 creatures vanquished.

Notes
Turn   | Place    | Note
-------+----------+-------------------------------------------
     0 | D:1      | qw the Gargoyle Hexslinger began the quest for the Orb.
     0 | D:1      | Reached XP level 1. HP: 12/12 MP: 2/2
     0 | D:1      | 0 ||| qw: Version: 0.3-a-46-gb1f654a
     0 | D:1      | 0 ||| qw: Game counter: 3188
     0 | D:1      | 0 ||| qw: Melee chars always use a shield: true
     0 | D:1      | 0 ||| qw: God list: Okawaru
     0 | D:1      | 0 ||| qw: Allow faded altars: false
     0 | D:1      | 0 ||| qw: Do Orc after clearing Dungeon:15 true
     0 | D:1      | 0 ||| qw: Do second Lair branch before Depths: true
     0 | D:1      | 0 ||| qw: Lair rune preference: random
     0 | D:1      | 0 ||| qw: Goals: Normal
     0 | D:1      | 0 ||| PLANNING D:1-11
   107 | D:1      | Reached XP level 2. HP: 16/16 MP: 3/3
   238 | D:1      | Found a faded altar of an unknown god.
   472 | D:1      | Reached skill level 3 in Ranged Weapons
   623 | D:1      | 623 ||| UPGRADING to +0 ring mail.
   633 | D:1      | 633 ||| DROPPING +0 robe.
   634 | D:1      | 634 ||| READING 2 scrolls labelled XURREMP ZUTIJE.
   638 | D:1      | 638 ||| READING 2 scrolls labelled FOMILOPRIL.
   639 | D:1      | 639 ||| READING scroll of enchant weapon.
   639 | D:1      | 639 ||| ENCHANTING +2 sling.
   640 | D:1      | 640 ||| DROPPING scroll of poison.
   679 | D:2      | Noticed Jessica
   683 | D:2      | Killed Jessica
   684 | D:2      | Reached XP level 3. HP: 22/22 MP: 4/4
   792 | D:2      | Noticed Robin
   807 | D:2      | Reached XP level 4. HP: 10/27 MP: 5/5
   812 | D:2      | HP: 3/27 [Robin/+0 whip (5)]
   813 | D:2      | 813 ||| READING scroll of teleportation.
   813 | D:2      | Slain by Robin

Levels and vault maps discovered:
D:1:      scummos_arrival_hexagon, layout_basic,
          shapermc_ecumenical_altar_mp_highgroup, amethyst_killhole,
          solitary_fountain, st_stairs_1
D:2:      layout_basic, uniq_jessica, uniq_robin

Skill      XL: |  1  2 |
---------------+-------+-----
Ranged Weapons | 3 |  3.4
Fighting       | 2 |  2.7
Dodging        | |  1.5
Spellcasting   | |  1.0
Hexes          | |  2.6

Action                     |  1- 3 |  4- 6 || total
---------------------------+-------+-------++-------
   Fire: Sling             |    89 |     6 ||    95
    Use: Scroll            |     3 |     1 ||     4
 Armour: Robe              |    16 |       ||    16
         Ring mail         |    22 |     9 ||    31
  Dodge: Dodged            |    35 |     7 ||    42

Table legend:
 A = Non-vault XP
 B = Vault XP
 C = Vault XP percentage of total XP
 D = Non-vault monster count
 E = Vault monster count
 F = Vault count percentage of total count
                 A         B        C        D         E       F
            +---------+---------+-------+---------+---------+-------
      Total |      28 |      57 |  67.1 |      17 |      12 |  41.4
            +---------+---------+-------+---------+---------+-------
        D:1 |      20 |       4 |  16.7 |      13 |       2 |  13.3
        D:2 |       8 |      53 |  86.9 |       4 |      10 |  71.4
            +---------+---------+-------+---------+---------+-------
